 Dungeon Crawl Stone Soup version 0.30-a0-170-g85af917532 (webtiles) character file.

Game seed: 224952631213144906

499 qw the Chopper (level 7, -9/44 HPs)
             Began as a Gargoyle Fighter on Oct 1, 2022.
             Killed by divine providence
             ... invoked by an orc priest
              (11 damage)
             ... on level 5 of the Dungeon.
             The game lasted 00:01:09 (3794 turns).

qw the Chopper (Gargoyle Fighter)                   Turns: 3794, Time: 00:01:09

Health: -9/44      AC: 14    Str: 28    XL:     7   Next: 16%
Magic:  0/7        EV: 10    Int:  8    God:
Gold:   234        SH:  4    Dex:  9    Spells: 6/6 levels left

rFire   . . .      SeeInvis .    Y - +1 war axe
rCold   . . .      Faith    .    c - +0 buckler
rNeg    + . .      Spirit   +    b - +0 scale mail
rPois   inf        Reflect  .    j - +1 helmet
rElec   +          Harm     .    m - +0 cloak
rCorr   .          Rampage  .    (no gloves)
Will    .....                    (no boots)
Stlth   ..........               k - amulet of guardian spirit
HPRegen 0.14/turn                l - +6 ring of strength
MPRegen 0.10/turn                (no ring)

@: no status effects
A: sickness immunity, AC +4, negative energy resistance 1, electricity
resistance, torment resistance 1, petrification resistance
a: no special abilities


You were on level 5 of the Dungeon.
You visited 1 branch of the dungeon, and saw 5 of its levels.

You collected 234 gold pieces.


Innate Abilities, Weirdness & Mutations

You are immune to sickness and miasma.
Your stone body is resilient. (AC +4)
You are immune to poison.
You resist negative energy. (rN+)
You are resistant to electric shocks. (rElec)
You are resistant to unholy torment.
You are immune to petrification.


   Skills:
 - Level 4.3 Fighting
 + Level 6.1 Axes
 - Level 1.0 Throwing
 - Level 3.2 Armour
 - Level 1.1 Dodging
 - Level 3.2 Shields


You had 6 spell levels left.
You didn't know any spells.
Your spell library was empty.

Inventory:

Hand Weapons
 n - a +0 flail
 Y - a +1 war axe (weapon)
Missiles
 g - 3 javelins (quivered)
 h - 2 boomerangs
Armour
 b - a +0 scale mail (worn)
 c - a +0 buckler (worn)
 j - a +1 helmet (worn)
 m - a +0 cloak (worn)
Jewellery
 e - the ring "Fogonoof" {Ice Int+3}
   (You acquired it on level 1 of the Dungeon)

   [ring of ice]

   It enhances your ice magic.
   Int:       It affects your intelligence (+3).
   rF:        It makes you vulnerable to fire.
   rC:        It protects you from cold.
 k - an amulet of guardian spirit (around neck)
 l - a +6 ring of strength (left hand)
Scrolls
 a - a scroll of identify
Potions
 d - 2 potions of might
 f - a potion of attraction
 r - a potion of lignification {unknown}

Dungeon Overview and Level Annotations

Branches:
Dungeon (5/15)
 Temple: D:4-7

Altars:
Ashenzari
Elyvilon
Hepliaklqana
Makhleb
Qazlal
Sif Muna


Message History

You hit the orc.
You kill the orc!
You closely miss the orc. The orc hits you with a +0 war axe.
You slash the orc priest!
The orc priest is almost dead.
You hit the orc. You block the orc priest's attack. The orc barely misses you.
The orc hits you but does no damage. The orc priest closely misses you.
You closely miss the orc priest.
The orc priest is almost dead.
You slash the orc!
You kill the orc!
The orc priest hits you but does no damage.
You hit the orc priest but do no damage.
The orc priest is almost dead.
The orc priest calls down the wrath of Beogh upon you.
Beogh smites you!
3790 ||| READING scroll of teleportation.
As you read the scroll of teleportation, it crumbles to dust.
You feel strangely unstable. The orc priest closely misses you.
3791 ||| DRINKING potion of heal wounds.
You feel much better.
The orc priest mumbles some strange prayers to Beogh against you.
Beogh smites you!
You hit the orc priest but do no damage.
The orc priest is almost dead.
Your surroundings seem slightly different.
A hound comes into view.
The hound barks!
The orc priest calls down the wrath of Beogh upon you.
Beogh smites you!
3793 ||| Stepping ~*~*~tactically~*~*~ (hiding).
You slash the hound!
The hound is severely wounded.
The hound closely misses you.
The orc priest invokes the aid of Beogh against you.
Beogh smites you!
You die...

#........
#........
#........
#........
#........
#........
#........
#@h......
##########........
.(..........$....
#).............
#)ยค<........#+#
#))o...######
#..........
...###+##### ..##


You could see a hound and an orc priest.

Vanquished Creatures
  Menkaure (D:5)
  A centaur (D:4)
  A necrophage (D:4)
  A howler monkey (D:4)
  An orc priest (D:5)
  Robin (D:3)
  4 gnolls (D:4)
  2 adders
  2 ufetubi
  9 orcs
  5 bats
  2 endoplasms
  4 giant cockroaches
  9 goblins
  13 hobgoblins
  13 kobolds
  A quokka (D:2)
  6 ball pythons
  A frilled lizard (D:2)
  6 rats
83 creatures vanquished.

Notes
Turn   | Place    | Note
-------+----------+-------------------------------------------
     0 | D:1      | qw the Gargoyle Fighter began the quest for the Orb.
     0 | D:1      | Reached XP level 1. HP: 14/14 MP: 1/1
     0 | D:1      | 0 ||| qw: Version: 0.2-a-13-gfc7b4b4
     0 | D:1      | 0 ||| qw: Game counter: 1742
     0 | D:1      | 0 ||| qw: Always use a shield: true
     0 | D:1      | 0 ||| qw: God list: Okawaru
     0 | D:1      | 0 ||| qw: Allow faded altars: false
     0 | D:1      | 0 ||| qw: Do Orc after D:15 true
     0 | D:1      | 0 ||| qw: Do second Lair branch before Depths: true
     0 | D:1      | 0 ||| qw: Lair rune preference: random
     0 | D:1      | 0 ||| qw: Plans: Normal, Zot:1-4, God:TSO, Crypt, Tomb,
                  | Pan, Slime:5, Hells, Abyss, Orb
     0 | D:1      | 0 ||| PLANNING D:1-11
    73 | D:1      | Reached skill level 2 in Axes
   166 | D:1      | Reached XP level 2. HP: 17/19 MP: 2/2
   849 | D:1      | Found a faded altar of an unknown god.
   852 | D:1      | 852 ||| DROPPING ring of magical power.
   853 | D:1      | 853 ||| READING 2 scrolls labelled VATOJ FUIVUCHIC.
   854 | D:1      | 854 ||| READING scroll labelled UTYDAU KOIGAMI.
   854 | D:1      | Identified a scroll of acquirement
   854 | D:1      | 854 ||| ACQUIRING ring "Fogonoof" {Ice Int+3}
   854 | D:1      | Acquired the ring "Fogonoof" {Ice Int+3}
   856 | D:1      | 856 ||| READING scroll labelled BYHUECIFFE.
   857 | D:1      | 857 ||| READING scroll labelled LOXURPH XA SEMN.
   860 | D:1      | 860 ||| READING scroll labelled LOBATH QUHUXZUW.
  1033 | D:2      | 1033 ||| DROPPING +0 club.
  1039 | D:2      | 1039 ||| Stepping ~*~*~tactically~*~*~ (stealth).
  1104 | D:2      | Reached skill level 3 in Axes
  1182 | D:2      | Reached XP level 3. HP: 21/23 MP: 3/3
  1812 | D:2      | 1812 ||| UPGRADING to amulet of guardian spirit.
  1817 | D:2      | 1817 ||| UPGRADING to +6 ring of strength.
  1818 | D:2      | 1818 ||| READING scroll labelled PYACZO CUKOLUF.
  1819 | D:2      | 1819 ||| READING 3 scrolls of identify.
  1819 | D:2      | 1819 ||| IDENTIFYING golden potion
  1820 | D:2      | 1820 ||| READING 2 scrolls of identify.
  1820 | D:2      | 1820 ||| IDENTIFYING viscous grey potion
  1821 | D:2      | 1821 ||| DROPPING potion of invisibility.
  2063 | D:3      | Reached skill level 1 in Throwing
  2135 | D:3      | Noticed Robin
  2136 | D:3      | 2136 ||| Stepping ~*~*~tactically~*~*~ (stealth).
  2138 | D:3      | 2138 ||| Stepping ~*~*~tactically~*~*~ (stealth).
  2141 | D:3      | 2141 ||| Stepping ~*~*~tactically~*~*~ (stealth).
  2159 | D:3      | 2159 ||| Stepping ~*~*~tactically~*~*~ (stealth).
  2161 | D:3      | 2161 ||| Stepping ~*~*~tactically~*~*~ (stealth).
  2164 | D:3      | Reached XP level 4. HP: 27/28 MP: 4/4
  2165 | D:3      | 2165 ||| Stepping ~*~*~tactically~*~*~ (stealth).
  2188 | D:3      | Killed Robin
  2826 | D:3      | 2826 ||| UPGRADING to +0 helmet.
  2832 | D:3      | 2832 ||| READING scroll of enchant armour.
  2832 | D:3      | 2832 ||| ENCHANTING +0 helmet.
  2841 | D:3      | 2841 ||| READING scroll labelled ASAEKE EMOAQA.
  2842 | D:3      | 2842 ||| READING scroll labelled KUDDAMIKKE.
  2843 | D:3      | 2843 ||| READING 2 scrolls of identify.
  2843 | D:3      | 2843 ||| IDENTIFYING clear potion
  2844 | D:3      | 2844 ||| DROPPING potion of brilliance.
  2858 | D:4      | Reached skill level 4 in Axes
  2895 | D:4      | Found a hazy altar of Hepliaklqana.
  2924 | D:4      | Reached XP level 5. HP: 32/32 MP: 5/5
  2938 | D:4      | Reached skill level 5 in Axes
  2963 | D:4      | 2963 ||| Stepping ~*~*~tactically~*~*~ (stealth).
  2965 | D:4      | 2965 ||| Stepping ~*~*~tactically~*~*~ (stealth).
  2968 | D:4      | 2968 ||| Stepping ~*~*~tactically~*~*~ (stealth).
  2969 | D:4      | 2969 ||| Stepping ~*~*~tactically~*~*~ (stealth).
  2972 | D:4      | 2972 ||| FLEEEEING.
  2973 | D:4      | 2973 ||| FLEEEEING.
  2974 | D:4      | 2974 ||| FLEEEEING.
  2976 | D:4      | 2976 ||| FLEEEEING.
  2977 | D:4      | 2977 ||| FLEEEEING.
  2978 | D:4      | 2978 ||| FLEEEEING.
  2979 | D:4      | 2979 ||| FLEEEEING.
  2980 | D:4      | 2980 ||| FLEEEEING.
  2981 | D:4      | 2981 ||| FLEEEEING.
  2982 | D:4      | 2982 ||| FLEEEEING.
  2983 | D:4      | 2983 ||| FLEEEEING.
  2984 | D:4      | 2984 ||| FLEEEEING.
  2985 | D:4      | 2985 ||| FLEEEEING.
  2986 | D:4      | 2986 ||| FLEEEEING.
  2987 | D:4      | 2987 ||| STAIRDANCE
  3105 | D:3      | 3105 ||| READING scroll labelled USILYF JOIMYE.
  3144 | D:4      | Reached skill level 1 in Dodging
  3144 | D:4      | Reached XP level 6. HP: 33/37 MP: 6/6
  3144 | D:4      | 3144 ||| FLEEEEING.
  3145 | D:4      | 3145 ||| FLEEEEING.
  3152 | D:4      | 3152 ||| Stepping ~*~*~tactically~*~*~ (stealth).
  3300 | D:4      | 3300 ||| DROPPING +0 mace.
  3505 | D:4      | Found a burning altar of Makhleb.
  3514 | D:4      | Found a white marble altar of Elyvilon.
  3517 | D:4      | Found a stormy altar of Qazlal.
  3517 | D:4      | Found a shimmering blue altar of Sif Muna.
  3530 | D:4      | Found a broken altar of Ashenzari.
  3737 | D:4      | 3737 ||| UPGRADING to +0 cloak.
  3742 | D:4      | 3742 ||| DROPPING +1 helmet.
  3743 | D:4      | 3743 ||| READING 3 scrolls of identify.
  3743 | D:4      | 3743 ||| IDENTIFYING inky potion
  3744 | D:4      | 3744 ||| READING 2 scrolls of identify.
  3744 | D:4      | 3744 ||| IDENTIFYING sedimented orange potion
  3745 | D:4      | 3745 ||| DROPPING potion of degeneration.
  3768 | D:5      | Entered Level 5 of the Dungeon
  3769 | D:5      | Noticed Menkaure
  3785 | D:5      | Killed Menkaure
  3786 | D:5      | Reached skill level 6 in Axes
  3786 | D:5      | Reached XP level 7. HP: 12/44 MP: 2/7
  3789 | D:5      | HP: 2/44 [orc priest/divine providence (10)]
  3790 | D:5      | 3790 ||| READING scroll of teleportation.
  3791 | D:5      | 3791 ||| DRINKING potion of heal wounds.
  3793 | D:5      | 3793 ||| Stepping ~*~*~tactically~*~*~ (hiding).
  3794 | D:5      | Killed from afar by an orc priest

Levels and vault maps discovered:
D:1:      lordsloth_arrival_two_stooges, layout_loops_cross,
          dilly_ecumenical_altar_fadedgnrine, nrook_mini_vaults,
          minmay_pentomino_o2
D:2:      layout_loops_ring, grunt_ministairs_2, corexii_corridor_pit,
          minmay_goblin_kobold_house
D:3:      layout_basic, uniq_robin
D:4:      layout_cave_pools, nicolae_overflow_hallway_of_the_gods,
          nicolae_hepliaklqana_hazy_memory
D:5:      layout_basic, ebering_ghost_sewer_f, serial_bayou_pond_e,
          serial_park_tiny_2, uniq_menkaure

Skill      XL: |  1  2  3  4  5  6 |
---------------+-------------------+-----
Axes           | 2 3 4 5 6 |  6.1
Throwing       | 1 |  1.0
Dodging        | 1 |  1.1
Fighting       | 4 |  4.3
Armour         | |  3.2
Shields        | |  3.2

Action                   |  1- 3 |  4- 6 |  7- 9 || total
-------------------------+-------+-------+-------++-------
Melee: War axe           |   105 |    74 |     6 ||   185
Throw: Boomerang         |    11 |    14 |       ||    25
       Javelin           |     9 |    13 |       ||    22
  Use: Scroll            |     8 |     7 |     1 ||    16
       Potion            |       |       |     1 ||     1
Armor: Scale mail        |    50 |    64 |     2 ||   116
Dodge: Dodged            |    56 |    57 |     4 ||   117
Block: Buckler           |    22 |    15 |     1 ||    38

Table legend:
 A = Non-vault XP
 B = Vault XP
 C = Vault XP percentage of total XP
 D = Non-vault monster count
 E = Vault monster count
 F = Vault count percentage of total count
                 A         B        C        D         E       F
            +---------+---------+-------+---------+---------+-------
      Total |     476 |     238 |  33.3 |      58 |      25 |  30.1
            +---------+---------+-------+---------+---------+-------
        D:1 |      20 |       3 |  13.0 |      12 |       2 |  14.3
        D:2 |      12 |      15 |  55.6 |       8 |      10 |  55.6
        D:3 |      28 |      37 |  56.9 |       9 |      12 |  57.1
        D:4 |     346 |       0 |   0.0 |      20 |       0 |   0.0
        D:5 |      70 |     183 |  72.3 |       9 |       1 |  10.0
            +---------+---------+-------+---------+---------+-------
